 Dungeon Crawl Stone Soup version 0.28.0-53-g5a82cb258f (webtiles) character file.

Game seed: 4996532754118651400

59752 CryoSword the Basher (level 14, 0/122 HPs)
             Began as a Demigod Ice Elementalist on May 27, 2022.
             Slain by a death knight
             ... wielding a +0 great mace
              (16 damage)
             ... on level 13 of the Dungeon.
             The game lasted 00:46:19 (30340 turns).

CryoSword the Basher (Demigod Ice Elementalist)    Turns: 30340, Time: 00:46:20

Health: 0/122      AC: 21    Str: 23    XL:     14   Next: 19%
Magic:  20/20      EV:  5    Int: 23    God:
Gold:   1137       SH: 14    Dex: 20    Spells: 5/17 levels left

rFire   + . .      SeeInvis .   c - +6 shillelagh "Devastator" {shatter}
rCold   + . .      Faith    .   I - +1 kite shield
rNeg    . . .      Spirit   .   S - +0 gold dragon scales
rPois   +          Reflect  .   b - +2 hat {Will+}
rElec   .          Harm     .   R - +0 cloak
rCorr   .          Rampage  .   E - +1 pair of gloves
Will    +....                   (no boots)
Stlth   ..........              Y - amulet of the acrobat
HPRegen 0.30/turn               X - +6 ring of dexterity
MPRegen 0.17/turn               B - +6 ring of strength

@: weak-willed
A: high MP 1, forlorn, divine attributes, dopey 1
a: no special abilities


You were on level 13 of the Dungeon.
You visited 2 branches of the dungeon, and saw 19 of its levels.
You also visited: Volcano.

You collected 1302 gold pieces.
You spent 165 gold pieces at shops.

Inventory:

Hand Weapons
 c - the +6 shillelagh "Devastator" (weapon) {shatter}
   (You found it on level 6 of the Dungeon)

   It releases a powerful concussive burst when it strikes, dealing extra damage
   to the target and all other foes adjacent to them.
 k - a +3 vorpal trident
   (You took it off a goblin on level 3 of the Dungeon)
Missiles
 n - 12 boomerangs
 T - a curare-tipped dart
 W - a throwing net
Armour
 b - a +2 hat of willpower (worn)
   (You took it off Gastronok on level 3 of the Lair of Beasts)
 E - a +1 pair of gloves (worn)
   (You found it on level 8 of the Dungeon)
 I - a +1 kite shield (worn)
   (You took it off a gnoll sergeant on level 9 of the Dungeon)
 M - a +1 troll leather armour {Snorg}
   (You found it on level 5 of the Lair of Beasts)
 R - a +0 cloak (worn)
   (You found it on level 5 of the Lair of Beasts)
 S - +0 gold dragon scales (worn)
   (You found it on level 5 of the Lair of Beasts)
Magical Staves
 O - a staff of cold
   (You found it on level 1 of the Lair of Beasts)
Jewellery
 h - a ring of wizardry
   (You found it on level 2 of the Dungeon)
 o - a ring of resist corrosion
   (You took it off a kobold on level 3 of the Dungeon)
 w - a ring of protection from fire
   (You found it on level 4 of the Dungeon)
 B - a +6 ring of strength (right hand)
   (You found it on level 2 of the Lair of Beasts)
 V - a ring of magical power
   (You found it on level 4 of the Lair of Beasts)
 X - a +6 ring of dexterity (left hand)
   (You found it on level 12 of the Dungeon)
 Y - an amulet of the acrobat (around neck)
   (You found it on level 12 of the Dungeon)
Wands
 a - a wand of iceblast (16)
   (You took it off Joseph on level 7 of the Dungeon)
 r - a wand of flame (56)
   (You found it on level 3 of the Dungeon)
 K - a wand of paralysis (4)
   (You found it on level 10 of the Dungeon)
 L - a wand of acid (2) (quivered)
   (You found it on level 11 of the Dungeon)
 N - a wand of mindburst (14)
   (You found it on level 1 of the Lair of Beasts)
 Q - a wand of digging (2)
   (You found it on level 2 of the Lair of Beasts)
Scrolls
 d - a scroll of brand weapon
 f - a scroll of immolation {unknown}
 g - 2 scrolls of holy word {unknown}
 j - 2 scrolls of amnesia
 l - 10 scrolls of teleportation {@r4}
 p - a scroll of summoning {unknown}
 x - 4 scrolls of enchant weapon
 y - 3 scrolls of magic mapping
 z - a scroll of torment {unknown}
 C - a scroll of silence {unknown}
 G - 4 scrolls of fear {unknown}
 P - 2 scrolls of blinking
 U - a scroll of acquirement {unknown}
Potions
 e - 8 potions of brilliance
 i - a potion of ambrosia
 m - 2 potions of lignification {!q}
 q - a potion of attraction {unknown}
 s - 2 potions of might
 t - 2 potions of haste {unknown}
 u - 2 potions of cancellation
 v - 5 potions of invisibility
 A - 8 potions of curing {@q1}
 D - 4 potions of heal wounds {@q2}
 F - 4 potions of flight
 H - 3 potions of berserk rage
 J - 3 potions of degeneration {unknown}


   Skills:
 + Level 10.3 Fighting
 * Level 13.5 Maces & Flails
 - Level 4.1 Polearms
 * Level 7.3 Armour
 - Level 5.2 Dodging
 - Level 2.0 Stealth
 * Level 10.8 Shields
 - Level 2.0 Spellcasting
 - Level 3.5 Conjurations
 - Level 3.7 Necromancy
 - Level 7.7 Ice Magic


You had 5 spell levels left.
You knew the following spells:

 Your Spells              Type           Power      Damage    Failure   Level
b - Frozen Ramparts       Ice            74%        1d9       96%         3
c - Ozocubu's Armour      Ice            37%        N/A       96%         3
d - Hailstorm             Conj/Ice       28%        3d8       100%        4
S - Sublimation of Blood  Necr           19%        N/A       100%        2

Your spell library contained the following spells:

 Spells                   Type           Power      Damage    Failure   Level
 Freeze                   Ice            100%       1d11      69%         1
 Animate Skeleton         Necr           38%        N/A       99%         1
 Apportation              Tloc           4%         N/A       100%        1
 Foxfire                  Conj/Fire      40%        2x1d6     100%        1
 Sting                    Tmut/Pois      8%         1d3       100%        1
 Summon Small Mammal      Summ           8%         N/A       100%        1
 Corpse Rot               Necr/Air       20%        N/A       100%        2
 Poisonous Vapours        Pois/Air       4%         N/A       100%        2
 Wereblood                Tmut           2%         N/A       100%        2
 Conjure Flame            Conj/Fire      10%        6-21      100%        3
 Gell's Gravitas          Tloc           2%         N/A       100%        3
 Ignite Poison            Fire/Tmut/Pois 2%         N/A       100%        3
 Lesser Beckoning         Tloc           2%         N/A       100%        3
 Teleport Other           Tloc           2%         N/A       100%        3
 Airstrike                Air            1%         N/A       100%        4
 Olgreb's Toxic Radiance  Pois           2%         N/A       100%        4
 Sticky Flame             Conj/Fire      10%        2d3       100%        4
 Summon Lightning Spire   Summ/Air       2%         N/A       100%        4
 Alistair's Intoxication  Tmut/Pois      1%         N/A       100%        5
 Borgnjor's Vile Clutch   Necr/Erth      5%         N/A       100%        5
 Lightning Bolt           Conj/Air       5%         1d17      100%        5
 Eringya's Noxious Bog    Tmut/Pois      1%         N/A       100%        6
 Summon Hydra             Summ           1%         N/A       100%        7
 Chain Lightning          Conj/Air       5%         3d6       100%        9


Dungeon Overview and Level Annotations

Branches:
Dungeon (13/15)            Temple (0/1) D:4            Lair (6/6) D:9
  Swamp (0/4) Lair:4        Snake (0/4) Lair:3        Slime (0/5) Lair:5
    Orc (0/2) D:9         Volcano (visited)
 Vaults: D:13-14

Shops:
D:9 *   D:10 *

Annotations:
D:7 1 runed translucent door, waddelsworth's ghost, novice GnWn


Innate Abilities, Weirdness & Mutations

You have an increased reservoir of magic. (+10% MP)
You shall have no god before yourself.
Your divine heritage dramatically boosts your attributes as you level up.
You are dopey. (Int -2)


Message History

There is an escape hatch in the floor here.
Found 30 arrows.
You see here 30 arrows.
A shadow comes into view.
A shadow is nearby!
A shadow is nearby!
A vampire comes into view.
Found a scroll labelled QELIOX XUNODWO.
The vampire casts a spell.
The vampire flickers and vanishes!
Deactivating autopickup; reactivate with Ctrl-A.
The shadow slips into darkness.
The shadow flickers and vanishes!
No target in view!
No target in view!
No target in view!
You miss something. You thump something!
The shadow strikes at you from the darkness!
Reactivating autopickup.
You sock the shadow! The shadow hits you.
You hit the shadow but do no damage. You sock the shadow!
You destroy the shadow!
You hear some strange, mumbled words.
Deactivating autopickup; reactivate with Ctrl-A.
Something tries to affect you, but you resist.
You hit something. Something hits you but does no damage.
Something bites you but does no damage.
You sock something!
Reactivating autopickup.
You feel a bit more experienced.
G - 3 scrolls labelled QELIOX XUNODWO (gained 1)
A shadow comes into view.
A shadow is nearby!
A shadow is nearby!
A shadow is nearby!
The shadow slips into darkness.
The shadow flickers and vanishes!
Deactivating autopickup; reactivate with Ctrl-A.
No target in view!
No target in view!
No target in view!
You hit something.
The shadow strikes at you from the darkness!
Reactivating autopickup.
You thump the shadow!
You destroy the shadow!
There is an escape hatch in the ceiling here.
Found 13 sling bullets.
You see here 13 sling bullets.
A - 8 potions of curing {@q1} (gained 1)
You see here a +0 robe.
G - 4 scrolls labelled QELIOX XUNODWO (gained 1)
You see here a +0 dagger of draining.
There is an escape hatch in the floor here.
Nergalle the Soulbinder comes into view.
She is wielding a +0 dagger.
You hit Nergalle.
Nergalle shudders.
You hit Nergalle.
Nergalle shudders.
You block Nergalle's attack.
You closely miss Nergalle. You block Nergalle's attack.
You thump Nergalle!
Nergalle shudders.
You hit Nergalle but do no damage.
Nergalle points at you and mumbles some strange words.
Orcish apparitions take form around you.
You hit Nergalle.
Nergalle shudders.
You kill Nergalle!
The spectral orc warlord disappears in a puff of smoke!
The spectral orc warrior disappears in a puff of smoke!
No target in view!
No target in view!
Things that are here:
a +0 dagger; a +0 robe; the orc corpse of Nergalle A sourceless malevolence fills the Dungeon...
With a horrendous wail, an alarm goes off!
A sentinel's mark forms upon you.
Done exploring.
Done exploring.
Done exploring.
No target in view!
There is a stone staircase leading down here.
You start waiting.
The sentinel's mark upon you fades away.
You climb downwards.
Found 12 gold pieces.
Found a stone staircase leading down.
There is a stone staircase leading up here.
A death knight comes into view. It is wielding a +0 great mace.
The death knight shouts!
A wraith comes into view.
There are monsters nearby!
There are monsters nearby!
There are monsters nearby!
A phantasmal warrior comes into view.
Found a potion of flight.
A freezing wraith comes into view.
The death knight calls down the wrath of Yredelemnul upon you.
You resist with almost no effort. The phantasmal warrior gestures at you.
The phantasmal warrior blinks!
You barely miss the phantasmal warrior.
You closely miss the phantasmal warrior.
The phantasmal warrior hits you!!
You sock the phantasmal warrior!
The death knight shudders.
You barely miss the death knight. You hit the death knight.
The death knight shudders.
The death knight offers itself to Yredelemnul, and fills with unholy energy.
You sock the death knight!
The death knight shudders.
The death knight reflects your damage back at you!
The phantasmal warrior gestures at you.
The phantasmal warrior blinks!
You sock the death knight!
The death knight shudders.
The death knight reflects your damage back at you!
The death knight hits you with a +0 great mace!!
You are too injured to fight recklessly!
You are too injured to fight recklessly!
You are too injured to fight recklessly!
You closely miss the death knight.
The death knight mumbles some strange prayers to Yredelemnul against you.
You resist with almost no effort.
You block the phantasmal warrior's attack.
You hit the death knight but do no damage.
You block the death knight's attack. The phantasmal warrior hits you!
* * * LOW HITPOINT WARNING * * *
You closely miss the death knight.
You hit the death knight but do no damage.
The death knight hits you with a +0 great mace!
* * * LOW HITPOINT WARNING * * *
You block the phantasmal warrior's attack.
You hit the phantasmal warrior.
The death knight hits you with a +0 great mace!
* * * LOW HITPOINT WARNING * * *
You block the phantasmal warrior's attack.
You thump the phantasmal warrior! You block the death knight's attack.
The phantasmal warrior hits you but does no damage.
You barely miss the phantasmal warrior.
The death knight hits you with a +0 great mace.
* * * LOW HITPOINT WARNING * * *
You hit the phantasmal warrior.
You block the phantasmal warrior's attack.
You hit the phantasmal warrior but do no damage.
The death knight's dark mirror aura disappears.
The death knight barely misses you.
You block the phantasmal warrior's attack.
You hit the phantasmal warrior. You block the death knight's attack.
The phantasmal warrior hits you!
* * * LOW HITPOINT WARNING * * *
Your willpower is stripped away!
You sock the phantasmal warrior!
You destroy the phantasmal warrior!
The death knight hits you with a +0 great mace!
You die...

#.# #.# #.#
#># #.# ##
#.#
.#..$#####.#
.!..WWp@..<#
.#...#######
... #


You could see a death knight, a freezing wraith and a wraith.

Vanquished Creatures
  Gastronok (Lair:3)
  The ghost of Nahuossu the Destroyer, a journeyman DrEE of Sif Muna (Lair:6)
  A stone giant (Volcano)
  Snorg (Lair:5)
  2 catoblepae
  7 hydras
  4 death yaks (Lair:5)
  2 two-headed ogres
  Urug (Lair:2)
  Nergalle (D:12)
  2 bog bodies (Lair:4)
  A phantasmal warrior (D:13)
  5 oklob plants
  An ugly thing (D:12)
  A cyclops (D:12)
  8 elephants (Lair:6)
  3 black mambas
  Joseph (D:7)
  A gargoyle (Volcano)
  14 cane toads
  An unseen horror (D:10)
  2 rime drakes
  2 kobold demonologists (D:12)
  3 komodo dragons
  An efreet (Volcano)
  A queen bee (Lair:3)
  5 meliai (Lair:3)
  3 trolls
  5 hornets (Lair:6)
  4 polar bears
  A dream sheep (Lair:6)
  5 slime creatures
  13 blink frogs
  2 shadows (D:12)
  12 spriggans (Lair:6)
  A wraith (D:11)
  3 wyverns
  A vampire (D:12)
  2 fire elementals (Volcano)
  41 yaks
  A steam dragon (D:10)
  A basilisk (Lair:2)
  4 nagas (Lair:3)
  3 acid dragons
  A swamp worm (Lair:4)
  25 water moccasins
  Duvessa (D:7)
  An ice beast (D:7)
  8 black bears
  3 orc warriors
  8 ogres
  4 boggarts (Lair:6)
  9 centaurs
  43 wolves
  2 phantoms
  2 kobold brigands
  2 earth elementals (Volcano)
  10 bullfrogs
  2 wyvern zombies
  A gnoll sergeant (D:9)
  A water moccasin zombie (D:5)
  2 scorpions (D:5)
  Dowan (D:7)
  45 killer bees
  A water moccasin skeleton (D:5)
  A wight (D:7)
  An electric eel (Lair:4)
  4 howler monkeys
  4 centaur zombies
  4 hounds
  4 jellies
  7 orc priests
  A centaur skeleton (D:5)
  A bullfrog skeleton (D:7)
  Terence (D:3)
  Jessica (D:3)
  4 iguanas
  11 orc wizards
  2 hell rats (Lair:3)
  A hound skeleton (D:5)
  Robin (D:2)
  2 howler monkey skeletons
  7 adders
  A shadow imp (D:5)
  2 white imps (D:6)
  2 ufetubi
  3 worms
  2 dart slugs
  32 orcs
  7 ball pythons
  3 bats
  12 endoplasms
  2 giant cockroaches
  7 hobgoblins
  6 jackals (D:4)
  4 quokkas
  5 frilled lizards
  18 goblins
  18 kobolds
  6 rats
534 creatures vanquished.

Vanquished Creatures (others)
  77 fungi
  68 plants
  2 withered plants (D:7)
147 creatures vanquished.

Grand Total: 681 creatures vanquished

Notes
Turn   | Place    | Note
-------+----------+-------------------------------------------
     0 | D:1      | CryoSword the Demigod Ice Elementalist began the quest for
                  | the Orb.
     0 | D:1      | Reached XP level 1. HP: 14/14 MP: 5/5
   437 | D:1      | Reached XP level 2. HP: 20/20 MP: 5/7
  1285 | D:2      | Reached XP level 3. HP: 24/26 MP: 4/8
  1353 | D:2      | Learned a level 3 spell: Frozen Ramparts
  1547 | D:2      | Noticed Robin
  1556 | D:2      | Killed Robin
  1560 | D:2      | Reached XP level 4. HP: 26/34 MP: 3/9
  1763 | D:2      | Learned a level 3 spell: Ozocubu's Armour
  1793 | D:2      | Reached skill level 1 in Polearms
  1822 | D:2      | Reached skill level 1 in Fighting
  2332 | D:3      | Reached skill level 5 in Ice Magic
  2839 | D:3      | Reached XP level 5. HP: 40/40 MP: 3/10
  3069 | D:3      | Noticed Terence
  3077 | D:3      | Killed Terence
  3242 | D:3      | Noticed Jessica
  3248 | D:3      | Killed Jessica
  3783 | D:4      | Found a staircase to the Ecumenical Temple.
  3826 | D:4      | Reached XP level 6. HP: 39/48 MP: 4/11
  4256 | D:5      | Entered Level 5 of the Dungeon
  4416 | D:5      | Reached skill level 1 in Conjurations
  5091 | D:5      | Reached XP level 7. HP: 54/56 MP: 5/13
  6053 | D:5      | Reached XP level 8. HP: 64/64 MP: 3/14
  6596 | D:6      | Gained mutation: You are dopey. (Int -2) [potion of
                  | mutation]
  6991 | D:6      | Noticed a balrug
  7319 | D:6      | Learned a level 2 spell: Sublimation of Blood
  7333 | D:6      | Found the +6 shillelagh "Devastator" {shatter}
  7470 | D:6      | HP: 2/66 [ogre/+0 giant club (29)]
  7472 | D:6      | Reached skill level 2 in Maces & Flails
  7925 | D:6      | Reached skill level 3 in Maces & Flails
  8956 | D:6      | Reached skill level 1 in Armour
  9412 | D:7      | Noticed waddelsworth's ghost (novice GnWn)
  9416 | D:7      | Found a runed translucent door.
  9501 | D:7      | Reached skill level 4 in Maces & Flails
  9508 | D:7      | Reached XP level 9. HP: 38/72 MP: 8/15
  9682 | D:7      | Noticed Joseph
  9693 | D:7      | Killed Joseph
  9885 | D:7      | Reached skill level 5 in Fighting
  9885 | D:7      | Reached skill level 5 in Maces & Flails
 10285 | D:7      | Noticed Dowan
 10376 | D:7      | Noticed Duvessa
 10387 | D:7      | Killed Duvessa
 10392 | D:7      | Killed Dowan
 10773 | D:8      | Reached skill level 6 in Maces & Flails
 10912 | D:8      | Reached skill level 1 in Necromancy
 11407 | D:8      | Noticed a two-headed ogre
 11411 | D:8      | Reached XP level 10. HP: 53/83 MP: 7/16
 11418 | D:8      | Killed a two-headed ogre
 11419 | D:8      | Reached skill level 7 in Maces & Flails
 12737 | D:9      | Found Ebenar Aproo's General Store.
 12742 | D:9      | Bought a potion of heal wounds for 60 gold pieces
 12742 | D:9      | Bought a potion of berserk rage for 60 gold pieces
 12784 | D:9      | Found a staircase to the Orcish Mines.
 13120 | D:9      | Reached skill level 8 in Maces & Flails
 13120 | D:9      | Reached skill level 5 in Armour
 13691 | D:9      | Reached skill level 1 in Shields
 13904 | D:9      | Found a staircase to the Lair.
 14334 | D:10     | Entered Level 10 of the Dungeon
 14539 | D:10     | Reached XP level 11. HP: 87/92 MP: 11/17
 14702 | D:10     | Found Xotzith's Changing Room.
 14782 | D:10     | Bought a potion of lignification for 45 gold pieces
 15197 | D:11     | Reached skill level 9 in Maces & Flails
 16012 | Lair:1   | Entered Level 1 of the Lair of Beasts
 17087 | Lair:2   | Found a dark tunnel.
 17096 | Volcano  | Entered a volcano
 17119 | Volcano  | Reached skill level 5 in Shields
 17128 | Volcano  | Identified the +11 halberd "Xiocey" {holy, +Blink}
 17160 | Volcano  | Noticed a stone giant
 17167 | Volcano  | HP: 3/94 [stone giant (36)]
 17168 | Volcano  | Killed a stone giant
 17169 | Volcano  | Reached skill level 10 in Maces & Flails
 18058 | Lair:2   | Noticed Urug
 18078 | Lair:2   | Killed Urug
 18415 | Lair:3   | Noticed a six-headed hydra
 18425 | Lair:3   | Killed a six-headed hydra
 19327 | Lair:3   | Reached XP level 12. HP: 96/103 MP: 11/18
 19575 | Lair:3   | Found a staircase to the Snake Pit.
 19858 | Lair:3   | Noticed Gastronok
 19870 | Lair:3   | Killed Gastronok
 19988 | Lair:3   | Noticed a six-headed hydra
 19995 | Lair:3   | Killed a six-headed hydra
 19996 | Lair:3   | Reached skill level 11 in Maces & Flails
 20001 | Lair:3   | Learned a level 4 spell: Hailstorm
 21776 | Lair:3   | Got Taagebbomi's Collected Works on Confrontation
 23248 | Lair:4   | Noticed a catoblepas
 23265 | Lair:4   | Killed a catoblepas
 23425 | Lair:4   | Noticed a six-headed hydra
 23431 | Lair:4   | Killed a six-headed hydra
 23689 | Lair:4   | Reached skill level 12 in Maces & Flails
 23955 | Lair:4   | Reached XP level 13. HP: 44/111 MP: 15/19
 24261 | Lair:4   | Found a staircase to the Swamp.
 24474 | Lair:5   | Noticed Snorg
 24488 | Lair:5   | Killed Snorg
 24848 | Lair:5   | Reached skill level 5 in Dodging
 25305 | Lair:5   | Found a staircase to the Slime Pits.
 26332 | Lair:3   | Identified the +2 robe "Guzeov" {Will+ Dex+3}
 26391 | Lair:6   | Entered Level 6 of the Lair of Beasts
 26406 | Lair:6   | Found a runed translucent door.
 26407 | Lair:6   | Noticed Nahuossu's ghost (journeyman DrEE)
 27235 | Lair:6   | Reached skill level 10 in Shields
 27558 | Lair:6   | Reached skill level 13 in Maces & Flails
 27567 | Lair:6   | Reached skill level 10 in Fighting
 28379 | Lair:6   | Identified the +8 dagger "Osuam" {vorpal, Dex+5}
 28486 | Lair:6   | Reached XP level 14. HP: 101/121 MP: 20/20
 28690 | Lair:6   | Killed Nahuossu's ghost
 30280 | D:12     | Noticed Nergalle
 30288 | D:12     | Killed Nergalle
 30340 | D:13     | Slain by a death knight

Illustrated notes

Levels and vault maps discovered:
D:1:      dpeg_arrival_central, layout_basic
D:2:      layout_basic, uniq_robin
D:3:      layout_loops_ring, chequers_arboretum, uniq_jessica, uniq_terence
D:4:      layout_loops_ring, temple_fountains, serial_bayou_pond_e,
          corner_web_ring
D:5:      minmay_clustersquares, layout_basic, hangedman_decor_opposing
D:6:      layout_basic, makhleb_altar_promises_db
D:7:      layout_rooms, gammafunk_ghost_grave, minmay_chambers_of_fives,
          uniq_duvessa, uniq_joseph
D:8:      layout_cave_pods
D:9:      layout_basic, due_lair_maze_entry_diamond, serial_shops,
          nicolae_shop_window_shopping
D:10:     layout_small_grid, kennysheep_nondescript, nicolae_transmutations_shop
D:11:     layout_loops_cross
D:12:     layout_loops_ring, uniq_nergalle
D:13:     layout_loops_ring
Lair:1:   layout_cave_shapes
Lair:2:   layout_gridlike, nicolae_volcano_entry_hallway, uniq_urug
Lair:3:   regret_index_combs_of_tragedy, layout_layer_cave,
          minmay_snake_entry_guardpost_small, minmay_lair_oklob_bushes,
          uniq_gastronok
Lair:4:   layout_regular_city, nicolae_swamp_entry_splash_gauntlet
Lair:5:   layout_cave_pods, minmay_slime_entry_oklob_open, uniq_snorg
Lair:6:   minmay_lair_end_enchanted_forest, layout_regular_city,
          gammafunk_ghost_grave

Skill      XL: |  1  2  3  4  5  6  7  8  9 10 11 12 13 14 |
---------------+-------------------------------------------+-----
Ice Magic      | 4 5 6 7 |  7.7
Stealth        | 2 |  2.0
Dodging        | 2 4 5 |  5.2
Spellcasting   | 2 |  2.0
Polearms       | 1 2 3 4 |  4.1
Fighting       | 1 2 3 4 5 7 8 9 10 | 10.3
Conjurations   | 1 2 3 |  3.5
Maces & Flails | 4 6 8 10 12 13 | 13.5
Armour         | 1 3 5 6 7 |  7.3
Necromancy     | 1 3 |  3.7
Shields        | 2 6 8 10 | 10.8

Action                   |  1- 3 |  4- 6 |  7- 9 | 10-12 | 13-15 || total
-------------------------+-------+-------+-------+-------+-------++-------
Melee: Unarmed           |     8 |       |       |       |       ||     8
       Spear             |    12 |    31 |       |       |       ||    43
       Trident           |       |    77 |   123 |    12 |       ||   212
       Shillelagh        |       |       |    97 |   393 |   416 ||   906
       Punch             |       |       |       |     2 |       ||     2
Throw: Dart              |       |       |     2 |     2 |       ||     4
 Cast: Freeze            |    45 |    19 |     2 |       |       ||    66
       Frozen Ramparts   |     3 |    22 |    30 |    61 |     2 ||   118
       Ozocubu's Armour  |       |    15 |    29 |    56 |     4 ||   104
Evoke: Wand              |       |       |       |       |    17 ||    17
  Use: Scroll            |       |     2 |     8 |     5 |     5 ||    20
       Potion            |       |       |     2 |     4 |     1 ||     7
 Stab: Sleeping          |     1 |     6 |     1 |       |       ||     8
       Distracted        |       |       |     1 |       |       ||     1
Armor: Robe              |     8 |    30 |    44 |       |       ||    82
       Ring mail         |       |       |    40 |    92 |       ||   132
       Scale mail        |       |       |       |   102 |    11 ||   113
       Gold dragon scale |       |       |       |       |   184 ||   184
       Troll leather arm |       |       |       |       |     1 ||     1
Dodge: Dodged            |    21 |    51 |   160 |   178 |    60 ||   470
Block: Kite shield       |       |       |       |   177 |   235 ||   412
